 Dungeon Crawl Stone Soup version 0.31-a0-265-gcf7e37af1d (webtiles) character file.

Game seed: 15833972114966194774

1872 qw the Skirmisher (level 8, -7/70 (71) HPs)
             Began as a Minotaur Hexslinger on July 13, 2023.
             Was an Initiate of Okawaru.
             Killed by divine providence
             ... invoked by an orc priest
              (11 damage)
             ... on level 7 of the Dungeon.
             The game lasted 00:02:20 (6615 turns).

qw the Skirmisher (Minotaur Hexslinger)             Turns: 6615, Time: 00:02:21

HP:   -7/70 (71)    AC: 14    Str: 12    XL:     8   Next: 91%
MP:   5/8           EV: 16    Int: 10    God:    Okawaru [......]
Gold: 304           SH:  0    Dex: 22    Spells: 8/9 levels left

rFire   . . .        Y - +0 shortbow
rCold   . . .        (shield currently unavailable)
rNeg    . . .        g - +3 ring mail
rPois   +            (helmet restricted)
rElec   .            (no cloak)
rCorr   .            (no gloves)
SInv    .            h - +0 pair of boots
Will    .....        (no amulet)
Stlth   +++          d - +6 ring of dexterity
HPRegen 0.31/turn    i - +4 ring of protection
MPRegen 0.11/turn

%: no passive effects
@: heroic, lightly drained
A: horns 2, retaliatory headbutt, poison resistance, subdued magic 1
a: Renounce Religion


You were on level 7 of the Dungeon.
You worshipped Okawaru.
Okawaru was noncommittal.
You visited 2 branches of the dungeon, and saw 8 of its levels.
You also visited: Sewer and Ossuary.

You collected 304 gold pieces.


Innate Abilities, Weirdness & Mutations

You have a pair of horns on your head.
You reflexively headbutt those who attack you in melee.
Your system is resistant to poisons. (rPois)
Your spells are a little easier to cast, but a little less powerful.


   Skills:
 + Level 6.9(11.9) Fighting
 - Level 10.0(15.0) Ranged Weapons
 - Level 2.1(7.1) Armour
 - Level 4.0(9.0) Dodging
 - Level 1.0 Spellcasting
 - Level 2.0 Hexes
 + Level 2.2 Invocations


You had 8 spell levels left.
You knew the following spells:

 Your Spells              Type           Power      Damage    Failure   Level
a - Slow                  Hex            12%        N/A       26%         1

Your spell library contained the following spells:

 Spells                   Type           Power      Damage    Failure   Level
 Inner Flame              Hex/Fire       1%         N/A       77%         3
 Portal Projectile        Hex/Tloc       2%         N/A       77%         3
 Cause Fear               Hex            1%         N/A       95%         4

Inventory:

Hand Weapons
 Y - a +0 shortbow (weapon)
Armour
 g - a +3 ring mail (worn)
 h - a +0 pair of boots (worn)
Jewellery
 d - a +6 ring of dexterity (left hand)
 i - a +4 ring of protection (right hand)
Scrolls
 f - a scroll of identify
Potions
 a - 2 potions of curing
 e - a potion of enlightenment
 j - a potion of mutation
 k - a potion of cancellation
 n - a potion of magic
 r - a potion of invisibility {unknown}

Dungeon Overview and Level Annotations

Branches:
Dungeon (7/15)             Temple (1/1) D:4           Sewer (visited)
Ossuary (visited)

Altars:
Ashenzari
Cheibriados
Dithmenos
Fedhas
Gozag
Hepliaklqana
Kikubaaqudgha
Makhleb
Nemelex Xobeh
Okawaru
Qazlal
Ru
Sif Muna
Trog
Uskayaw
Vehumet
Wu Jian
Xom
Yredelemnul
Zin
The Shining One

Annotations:
D:1 2 runed translucent doors
D:3 1 runed translucent door, qw's ghost, amateur GrHs
D:5 3 runed translucent doors, qw's ghost, amateur MiHs


Message History

You feel drained.
You shoot an arrow. The arrow hits the wight!
You destroy the wight!
Okawaru accepts your kill.
You can now gain great but temporary skills.
The orc closely misses you. The wight closely misses you.
You feel your dexterity returning.
You shoot an arrow.
The arrow hits the wight but does no damage.
The wight is moderately damaged.
You shoot an arrow. The arrow closely misses the wight.
The orc priest mumbles some strange prayers to Beogh against you.
Beogh smites you! The wight hits you but does no damage. The wight misses you.
You shoot an arrow. The arrow hits the wight.
The wight is heavily damaged.
The wight hits you with a +1 falchion.
You feel drained. The wight misses you.
You shoot an arrow. The arrow hits the wight.
The wight is severely damaged.
The wight closely misses you. You furiously retaliate!
You headbutt the wight, but do no damage.
The wight hits you from afar with a +0 halberd.
You feel drained.
You shoot an arrow. The arrow hits the wight.
You destroy the wight!
Okawaru accepts your kill. Something hits you but does no damage.
The orc hits you but does no damage. The wight barely misses you.
You shoot an arrow. You shoot an arrow. The arrow closely misses the wight.
The arrow hits the orc!
You kill the orc!
Okawaru accepts your kill.
You feel like a meek peon again. Something hits you but does no damage.
The orc closely misses you. The wight barely misses you.
6615 ||| INVOKING Heroism.
You gain the combat prowess of a mighty hero.
You can no longer gain great but temporary skills.
The orc priest invokes the aid of Beogh against you.
Beogh smites you!
You die...

.# #....##....
#..##..........
...>......#....
#.........# ...
#.........# ..
..#####'### # .
.. #.#
....#####'###
..%zoz)@....#
..###o%)....#
#.......#
#.......#
#########


You could see 2 wights, an orc priest and an orc.

Vanquished Creatures
  A wraith (Ossuary)
  A black bear (D:5)
  An orc warrior (D:7)
  2 ogres
  A centaur (D:6)
  A kobold brigand (Sewer)
  4 scorpions
  3 wights (D:7)
  2 howler monkeys (D:7)
  A gnoll bouda (D:6)
  5 hounds
  3 sleepcaps
  2 iguanas (D:6)
  2 orc wizards (D:4)
  4 mummies
  8 adders
  9 gnolls
  A river rat (Sewer)
  A shadow imp (D:6)
  2 white imps (D:7)
  An ufetubus (D:5)
  4 worms
  10 orcs
  10 endoplasms
  3 giant cockroaches
  5 goblins
  8 hobgoblins
  4 jackals
  9 quokkas
  8 ball pythons
  5 bats
  5 frilled lizards
  4 goblin zombies (Ossuary)
  3 hobgoblin zombies (Ossuary)
  12 kobolds
  4 kobold zombies
  3 orc zombies (D:5)
  9 rats
161 creatures vanquished.

Notes
Turn   | Place    | Note
-------+----------+-------------------------------------------
     0 | D:1      | qw the Minotaur Hexslinger began the quest for the Orb.
     0 | D:1      | Reached XP level 1. HP: 16/16 MP: 1/1
     0 | D:1      | 0 ||| qw: Version: 0.3-a-52-g30416fa
     0 | D:1      | 0 ||| qw: Game counter: 7615
     0 | D:1      | 0 ||| qw: Melee chars always use a shield: true
     0 | D:1      | 0 ||| qw: God list: Okawaru
     0 | D:1      | 0 ||| qw: Allow faded altars: false
     0 | D:1      | 0 ||| qw: Do Orc after clearing Dungeon:15 true
     0 | D:1      | 0 ||| qw: Do second Lair branch before Depths: true
     0 | D:1      | 0 ||| qw: Lair rune preference: random
     0 | D:1      | 0 ||| qw: Goals: Normal
     0 | D:1      | 0 ||| PLANNING D:1-11
    49 | D:1      | Found a large runed translucent door.
    49 | D:1      | Found a large runed translucent door.
   140 | D:1      | Reached skill level 3 in Ranged Weapons
   140 | D:1      | Reached XP level 2. HP: 23/23 MP: 2/2
   947 | D:1      | 947 ||| UPGRADING to +0 leather armour.
   957 | D:1      | 957 ||| DROPPING +0 robe.
   958 | D:1      | 958 ||| UPGRADING to +0 ring mail.
   968 | D:1      | 968 ||| DROPPING +0 leather armour.
   969 | D:1      | 969 ||| UPGRADING to +6 ring of dexterity.
   970 | D:1      | 970 ||| DROPPING scroll of poison.
  1070 | D:2      | 1070 ||| SWAPPING to +4 sling.
  1071 | D:2      | 1071 ||| DROPPING +1 sling.
  1100 | D:2      | Reached XP level 3. HP: 29/29 MP: 3/3
  1269 | D:2      | Reached skill level 4 in Ranged Weapons
  1337 | D:2      | Reached skill level 1 in Armour
  1725 | D:2      | Reached XP level 4. HP: 36/36 MP: 4/4
  1931 | D:2      | 1931 ||| UPGRADING to +3 ring mail.
  1941 | D:2      | 1941 ||| DROPPING +0 ring mail.
  1942 | D:2      | 1942 ||| UPGRADING to +0 pair of boots.
  1947 | D:2      | 1947 ||| UPGRADING to ring of resist corrosion.
  1948 | D:2      | 1948 ||| UPGRADING to +4 ring of protection.
  1950 | D:2      | 1950 ||| DROPPING ring of resist corrosion.
  1951 | D:2      | 1951 ||| DRINKING 2 metallic black potions.
  2086 | D:3      | Found a runed translucent door.
  2086 | D:3      | Noticed qw's ghost (amateur GrHs)
  2110 | D:3      | Found a sparkling altar of Nemelex Xobeh.
  2110 | D:3      | Found a radiant altar of Vehumet.
  2117 | D:3      | Found a faded altar of an unknown god.
  2119 | D:3      | Found a burning altar of Makhleb.
  2121 | D:3      | Found an ornate altar of the Wu Jian Council.
  2436 | D:3      | 2436 ||| READING scroll labelled NUBBEG AGEMAUVYUMM.
  2437 | D:3      | 2437 ||| READING scroll labelled XOPIELL HEDDU.
  2440 | D:3      | 2440 ||| READING scroll labelled CUIGIN HAZYHORR.
  2516 | D:4      | Noticed a scorpion
  2525 | D:4      | Killed a scorpion
  2526 | D:4      | Reached skill level 5 in Ranged Weapons
  2526 | D:4      | Reached XP level 5. HP: 40/41 MP: 5/5
  2543 | D:4      | 2543 ||| DRINKING potion of curing.
  2543 | D:4      | 2543 ||| (to cure confusion)
  2658 | D:4      | Reached skill level 3 in Fighting
  2751 | D:4      | Reached skill level 6 in Ranged Weapons
  2758 | D:4      | Reached XP level 6. HP: 39/52 MP: 6/6
  2990 | D:4      | Found a staircase to the Ecumenical Temple.
  2991 | D:4      | 2991 ||| PLANNING TEMPLE
  2991 | D:4      | 2991 ||| READING scroll labelled WIJYRCH CITA.
  2999 | Temple   | Entered the Ecumenical Temple
  3000 | Temple   | 3000 ||| PLANNING OKAWARU WORSHIP
  3344 | Temple   | Became a worshipper of Warmaster Okawaru
  3345 | Temple   | 3345 ||| PLANNING D:1-11
  3488 | D:5      | Entered Level 5 of the Dungeon
  3489 | D:5      | 3489 ||| PLANNING SEWER
  3726 | D:5      | 3726 ||| Stepping ~*~*~tactically~*~*~ (water).
  3726 | D:5      | Found a glowing drain.
  3736 | D:5      | 3736 ||| READING 2 scrolls of identify.
  3736 | D:5      | 3736 ||| IDENTIFYING smoky yellow potion
  3737 | D:5      | 3737 ||| DROPPING potion of berserk rage.
  3743 | Sewer    | Entered a sewer
  3783 | Sewer    | Reached skill level 7 in Ranged Weapons
  3855 | Sewer    | 3855 ||| DRINKING 2 sedimented puce potions.
  3855 | Sewer    | Gained mutation: Your spells are a little easier to cast,
                  | but a little less powerful. [potion of mutation]
  3855 | Sewer    | Gained mutation: Your system is resistant to poisons.
                  | (rPois) [potion of mutation]
  3895 | Sewer    | Reached skill level 3 in Dodging
  3895 | Sewer    | Reached XP level 7. HP: 59/59 MP: 7/7
  3908 | Sewer    | 3908 ||| Stepping ~*~*~tactically~*~*~ (water).
  4230 | Sewer    | 4230 ||| READING scroll labelled IKHLEO NISCHOA.
  4262 | D:5      | 4262 ||| PLANNING D:1-11
  4287 | D:5      | Found a runed translucent gate.
  4289 | D:5      | Found a runed translucent gate.
  4289 | D:5      | Noticed qw's ghost (amateur MiHs)
  4290 | D:5      | Found a runed translucent gate.
  4399 | D:5      | Reached skill level 8 in Ranged Weapons
  4552 | D:5      | 4552 ||| FLEEEEING.
  4833 | D:5      | 4833 ||| DRINKING 2 metallic emerald potions.
  4834 | D:5      | 4834 ||| DROPPING potion of degeneration.
  4854 | D:6      | 4854 ||| PLANNING OSSUARY
  4934 | D:6      | Reached * piety under Okawaru
  4935 | D:6      | Reached XP level 8. HP: 55/68 MP: 8/8
  4984 | D:6      | 4984 ||| SWAPPING to +0 shortbow.
  4989 | D:6      | 4989 ||| DROPPING +4 sling.
  5155 | D:6      | Found a sand-covered staircase.
  5156 | D:6      | 5156 ||| READING 2 scrolls of identify.
  5156 | D:6      | 5156 ||| IDENTIFYING bubbling brown potion
  5157 | D:6      | 5157 ||| DROPPING potion of brilliance.
  5162 | Ossuary  | Entered an ossuary
  5260 | Ossuary  | 5260 ||| INVOKING Heroism.
  5267 | Ossuary  | HP: 12/68 [wraith (7)]
  5269 | Ossuary  | Reached skill level 9 in Ranged Weapons
  5534 | Ossuary  | Reached skill level 1 in Invocations
  5699 | Ossuary  | 5699 ||| READING scroll labelled AFAGEIMUMU.
  5700 | Ossuary  | 5700 ||| READING scroll labelled GAYLING GAOQAC.
  5701 | Ossuary  | 5701 ||| READING scroll labelled XORYXYXZAO.
  5702 | Ossuary  | 5702 ||| READING scroll labelled GUMEBYDWEK.
  5703 | Ossuary  | 5703 ||| DRINKING 2 emerald potions.
  5704 | Ossuary  | 5704 ||| DRINKING 3 lumpy coppery potions.
  5705 | Ossuary  | 5705 ||| READING 4 scrolls of identify.
  5705 | Ossuary  | 5705 ||| IDENTIFYING fizzy inky potion
  5706 | Ossuary  | 5706 ||| READING 3 scrolls of identify.
  5706 | Ossuary  | 5706 ||| IDENTIFYING grey potion
  5707 | Ossuary  | 5707 ||| READING 2 scrolls of identify.
  5707 | Ossuary  | 5707 ||| IDENTIFYING yellow potion
  5708 | Ossuary  | 5708 ||| DROPPING 2 potions of attraction.
  5709 | Ossuary  | 5709 ||| DROPPING potion of lignification.
  5726 | D:6      | 5726 ||| PLANNING D:1-11
  5745 | D:6      | 5745 ||| Stepping ~*~*~tactically~*~*~ (outnumbered).
  5747 | D:6      | 5747 ||| Stepping ~*~*~tactically~*~*~ (outnumbered).
  5754 | D:6      | 5754 ||| INVOKING Heroism.
  6015 | D:6      | Found a hazy altar of Hepliaklqana.
  6087 | D:6      | Reached skill level 6 in Fighting
  6582 | D:7      | 6582 ||| INVOKING Heroism.
  6593 | D:7      | Reached skill level 10 in Ranged Weapons
  6596 | D:7      | 6596 ||| INVOKING Heroism.
  6609 | D:7      | HP: 10/69 [orc priest/divine providence (15)]
  6611 | D:7      | HP: 4/68 [wight/+0 halberd (4)]
  6615 | D:7      | 6615 ||| INVOKING Heroism.
  6615 | D:7      | Killed from afar by an orc priest

Levels and vault maps discovered:
D:1:      erik_arrival_cave_to_civilisation [erik_arrival_cave_to_temple],
          layout_loops_ring, dreamdust_wishing_well, minmay_misc_feat_roman
D:2:      wad_crossroads, layout_basic, minmay_bisected
D:3:      layout_rooms, chequers_temple_overflow_minitemple,
          gammafunk_ghost_grave
D:4:      layout_basic, minmay_temple_entry_glassed_door,
          hangedman_abyss_or_decor_passed, st_stairs_8
D:5:      layout_basic, biasface_ghost_orc_armoury, gup_sewer_entry_pipe,
          minmay_mini_ossuary
D:6:      layout_basic, nicolae_hepliaklqana_hippocampus, enter_ossuary_2,
          minmay_strange_pillars
D:7:      layout_basic, ebering_ghost_xom, uniq_joseph
Temple:   compressed_dpeg_triangle_lava_temple

Skill      XL: |  1  2  3  4  5  6  7  8 |
---------------+-------------------------+-----
Ranged Weapons | 3 4 5 6 7 8 10 | 10.0
Fighting       | 2 4 5 6 |  6.9
Armour         | 1 2 |  2.1
Dodging        | 3 4 |  4.0
Invocations    | 2 |  2.2
Spellcasting   | |  1.0
Hexes          | |  2.0

Action                     |  1- 3 |  4- 6 |  7- 9 || total
---------------------------+-------+-------+-------++-------
   Fire: Sling             |    90 |   200 |    67 ||   357
         Shortbow          |       |       |   149 ||   149
 Invoke: Heroism           |       |       |     5 ||     5
    Use: Scroll            |       |     5 |     9 ||    14
         Potion            |       |     3 |     3 ||     6
 Armour: Robe              |     2 |       |       ||     2
         Ring mail         |     5 |    67 |    42 ||   114
  Dodge: Dodged            |    27 |    73 |   101 ||   201

Table legend:
 A = Non-vault XP
 B = Vault XP
 C = Vault XP percentage of total XP
 D = Non-vault monster count
 E = Vault monster count
 F = Vault count percentage of total count
                 A         B        C        D         E       F
            +---------+---------+-------+---------+---------+-------
      Total |    2173 |     502 |  18.8 |     111 |      50 |  31.1
            +---------+---------+-------+---------+---------+-------
        D:1 |      25 |       4 |  13.8 |      15 |       2 |  11.8
        D:2 |      56 |      24 |  30.0 |      13 |       8 |  38.1
        D:3 |      46 |       0 |   0.0 |      23 |       0 |   0.0
        D:4 |     386 |       0 |   0.0 |      19 |       0 |   0.0
        D:5 |     424 |      32 |   7.0 |      14 |      10 |  41.7
        D:6 |     756 |       0 |   0.0 |      18 |       0 |   0.0
        D:7 |     480 |       0 |   0.0 |       9 |       0 |   0.0
      Sewer |       0 |     154 | 100.0 |       0 |      16 | 100.0
    Ossuary |       0 |     288 | 100.0 |       0 |      14 | 100.0
            +---------+---------+-------+---------+---------+-------
